 Dungeon Crawl Stone Soup version 0.15.0-13-gb296d5c (webtiles) character file.

261 Fluffy the Skirmisher (level 6, 0/49 HPs)
             Began as a Human Fighter on Sept 3, 2014.
             Slain by Duvessa
             ... wielding a +4 short sword of flaming
              (1 damage)
             ... on Level 4 of the Dungeon.
             The game lasted 00:09:25 (2991 turns).

Fluffy the Skirmisher (Human Fighter)               Turns: 2991, Time: 00:09:26

HP   0/49        AC  9     Str 18      XL: 6   Next: 41%
MP   6/6         EV  9     Int  9      God:
Gold 81          SH 10     Dex 17      Spells:  0 memorised,  5 levels left

rFire  . . .     SeeInvis .     Q - +2 short sword (speed)
rCold  . . .     Clarity  .     u - +0 chain mail
rNeg   . . .     rCorr    .     c - +0 shield
rPois  .         rRot     .     (no helmet)
rElec  .         Spirit   .     (no cloak)
SustAb .         Warding  .     (no gloves)
rMut   .         Stasis   .     (no boots)
Gourm  .                        (no amulet)
MR     .....                    (no ring)
                                L - ring of wizardry

@: agile, not resistant to hostile enchantments, extremely unstealthy
A: no striking features
a: no special abilities


You were on level 4 of the Dungeon.
You were not hungry.

You visited 1 branch of the dungeon, and saw 4 of its levels.

You collected 81 gold pieces.

Inventory:

Hand weapons
 a - a +0 long sword
 e - a +0 halberd
 f - a +0 dagger
 i - a +0 spear
 k - a +0 short sword
 l - a +0 spear
 m - a +0 dagger
 o - a +0 whip
 r - a +0 club
 t - a +0 club
 w - a +0 short sword
 x - a +0 club
 A - a +0 scythe
 B - a +0 whip
 F - a cursed -2 flail
 K - a +2 dagger of draining
 M - a +0 halberd
 N - a +0 spear
 O - a +0 short sword
 P - a +0 quarterstaff
 Q - a +2 short sword of speed (weapon)
 R - a +0 club
 S - a +0 club
 T - a cursed +0 blowgun
 U - a +0 short sword
 X - a +0 war axe
 Y - a +0 dagger
Missiles
 g - 61 stones (quivered)
 I - 18 sling bullets
 J - 36 arrows
 V - 7 poisoned needles
Armour
 c - a +0 shield (worn)
 u - a +0 chain mail (worn)
Magical devices
 y - a wand of confusion (9)
Comestibles
 d - a bread ration
 s - a meat ration
 E - a slice of pizza
Scrolls
 b - a scroll of random uselessness {unknown}
 h - a scroll of enchant weapon {unknown}
 p - 2 scrolls of immolation {unknown}
 v - a scroll of identify {unknown}
 C - 2 scrolls of teleportation {unknown}
 D - a scroll of amnesia {unknown}
Jewellery
 L - a ring of wizardry (left hand)
Potions
 j - 2 potions of resistance {unknown}
 n - a potion of flight {unknown}
 q - a potion of haste {unknown}
 z - a potion of agility
 G - a potion of curing {unknown}
 H - a potion of mutation {unknown}
 W - a potion of restore abilities {unknown}


   Skills:
 + Level 4.3 Fighting
 + Level 3.1 Long Blades
 + Level 4.2 Armour
 + Level 4.3 Shields


You had 5 spell levels left.
You didn't know any spells.

Dungeon Overview and Level Annotations

Branches:
Dungeon (4/15)
 Temple: D:4-7

Altars:
Qazlal

Annotations:
D:4 Duvessa


Message History

Dowan is severely wounded.
Something hits you but does no damage. You block Dowan's attack.
You hit Dowan.
Dowan is almost dead.
Something hits you but does no damage.
You hit Dowan.
You kill Dowan!
Something screams in a voice full of rage, "No, no!"
Something hits you!
* * * LOW HITPOINT WARNING * * *
Something burns you.
* * * LOW HITPOINT WARNING * * *
You hit something. Something hits you.
* * * LOW HITPOINT WARNING * * *
Something burns you.
* * * LOW HITPOINT WARNING * * *
Drink which item? (? for menu, Esc to quit)
You feel agile all of a sudden.
It was a potion of agility.
Something hits you.
You die...

..#....#.....###+##....
..#....#..........+...
..#....#..........#..
..#....#..........#
..###.##...####.###
#####.##...####.#####+##
....'......+....#.......
[...#......#....#).......
....#......#....@{.......
'#####+#######..###....##
....# ##+# ..# ....# .
....# ....# ....# ....+
....#


There were no monsters in sight!

Vanquished Creatures
  Sigmund (D:2)
  Dowan (D:4)
  Terence (D:2)
  3 adders
  3 gnolls (D:2)
  A giant mite (D:2)
  2 worms (D:2)
  2 giant geckos
  An ooze (D:3)
  An orc (D:4)
  2 ball pythons (D:2)
  15 bats
  2 giant cockroaches
  4 goblins
  6 hobgoblins
  4 jackals (D:3)
  10 kobolds
  2 giant newts (D:1)
  3 quokkas
  2 rats (D:3)
66 creatures vanquished.

Notes
Turn   | Place    | Note
--------------------------------------------------------------
     0 | D:1      | Fluffy, the Human Fighter, began the quest for the Orb.
     0 | D:1      | Reached XP level 1. HP: 18/18 MP: 1/1
   144 | D:1      | Reached XP level 2. HP: 20/24 MP: 2/2
   517 | D:1      | Reached XP level 3. HP: 20/29 MP: 3/3
  1020 | D:2      | Noticed Sigmund
  1027 | D:2      | Killed Sigmund
  1027 | D:2      | Reached XP level 4. HP: 23/37 MP: 4/4
  1027 | D:2      | Reached XP level 5. HP: 26/42 MP: 5/5
  1282 | D:2      | Noticed Terence
  1303 | D:2      | Killed Terence
  1303 | D:2      | Reached skill level 4 in Fighting
  1939 | D:2      | Reached XP level 6. HP: 16/48 MP: 6/6
  2305 | D:3      | Found a stormy altar of Qazlal.
  2975 | D:4      | Noticed Duvessa
  2975 | D:4      | Noticed Dowan
  2989 | D:4      | Killed Dowan
  2990 | D:4      | HP: 2/49 [something (5)]
  2991 | D:4      | Slain by Duvessa

Action                   |  1- 3 |  4- 6 || total
-------------------------+-------+-------++-------
Melee: Long sword        |   134 |   139 ||   273
       Short sword       |       |    48 ||    48
Evoke: Wand              |       |     1 ||     1
  Use: Potion            |     1 |     2 ||     3
  Eat: Chunk             |     1 |     6 ||     7
